 Dungeon Crawl Stone Soup version 0.18-a0-596-g6468885 (webtiles) character file.

112 4thArraOfDagon the Twirler (level 4, -1/40 HPs)
             Began as a Minotaur Gladiator on Dec 3, 2015.
             Was an Initiate of Ashenzari.
             Slain by a sky beast (6 damage)
             ... on level 5 of the Dungeon.
             The game lasted 00:02:53 (462 turns).

4thArraOfDagon the Twirler (Minotaur Gladiator)      Turns: 462, Time: 00:02:54

Health: -1/40      AC:  9    Str: 25    XL:     4   Next: 64%
Magic:  3/3        EV:  9    Int:  6    God:    Ashenzari [......]
Gold:   35         SH:  0    Dex: 10    Spells: 0 memorised, 3 levels left

rFire  . . .     SeeInvis .     a - +0 quarterstaff
rCold  + . .     Clarity  .     i - +1 chain mail
rNeg   . . .     SustAt   .     (shield currently unavailable)
rPois  .         Gourm    .     c - +0 hat
rElec  .         Spirit   .     (no cloak)
rCorr  .         Dismiss  .     (no gloves)
rMut   .         Stasis   .     (no boots)
MR     .....                    (no amulet)
Stlth  ..........               (no ring)
                                o - ring of protection from cold

@: mighty, not resistant to hostile enchantments, extremely unstealthy
A: retaliatory headbutt, horns 2
a: Renounce Religion


You were on level 5 of the Dungeon.
You worshipped Ashenzari.
Ashenzari was noncommittal.
You were not hungry.

You visited 1 branch of the dungeon, and saw 5 of its levels.

You collected 35 gold pieces.

Inventory:

Hand Weapons
 a - a +0 quarterstaff (weapon)
 b - a +0 glaive
Missiles
 d - 3 throwing nets (quivered)
Armour
 c - a +0 hat (worn)
 i - a +1 chain mail (worn)
Magical Staves
 h - an uncursed staff of energy {!a}
Jewellery
 o - a ring of protection from cold (left hand)
Wands
 l - a wand of cold (4)
 m - a wand of frost (41)
Scrolls
 j - a scroll of remove curse
Comestibles
 e - a bread ration
 g - 7 fruits
 k - 4 chunks of flesh
 n - a meat ration


   Skills:
 + Level 3.7 Fighting
 * Level 5.4 Staves
 - Level 2.0 Throwing
 + Level 3.9 Dodging


You had 3 spell levels left.
You didn't know any spells.

Dungeon Overview and Level Annotations

Branches:
Dungeon (5/15)
 Temple: D:4-7

Altars:
Ashenzari
Okawaru

Annotations:
D:3 Duffy's ghost, amateur HOFi


Innate Abilities, Weirdness & Mutations

You reflexively headbutt those who attack you in melee.
You have a pair of horns on your head.


Message History

The sky beast flickers out of sight!
Deactivating autopickup; reactivate with Ctrl-A.
Something hits you but does no damage.
Your chain mail prevents you from hitting something.
Something hits you but does no damage.
You closely miss something.
You feel sick.
You are no longer poisoned.
Something hits you but does no damage.
You miss something. Your headbutt misses something.
Something hits you but does no damage.
You barely miss something. Your headbutt misses something. Something hits you.
* * * LOW HITPOINT WARNING * * *
Something shocks you.
* * * LOW HITPOINT WARNING * * *
You miss something. Your headbutt misses something.
Something hits you but does no damage.
You miss something. Something hits you.
* * * LOW HITPOINT WARNING * * *
Something shocks you.
You die...

## ##. ##.. #..#
...# #..# #...##
#[.## #....####
#...# #........
#{..#######...# #.
#.....#@....##...#
###...####.......#
#... #####...#
#Y.. ##..# #...
##.# # ...# #.# ##
.... #.## ##. #..#
##.. ##..###..#


There were no monsters in sight!

Vanquished Creatures
  2 orc wizards
  2 adders
  A gnoll (D:5)
  An ooze (D:4)
  An adder zombie (D:5)
  6 orcs
  3 giant cockroaches
  A goblin (D:3)
  4 jackals
21 creatures vanquished.

Notes
Turn   | Place    | Note
--------------------------------------------------------------
     0 | D:1      | 4thArraOfDagon the Minotaur Gladiator began the quest for the Orb.
     0 | D:1      | Reached XP level 1. HP: 18/18 MP: 0/0
    49 | D:3      | Noticed an orc priest
    67 | D:3      | Reached skill level 4 in Staves
   139 | D:4      | Reached XP level 2. HP: 19/25 MP: 1/1
   230 | D:3      | Noticed Duffy's ghost (amateur HOFi)
   254 | D:4      | Found a shattered altar of Ashenzari.
   254 | D:4      | Found an iron altar of Okawaru.
   257 | D:4      | Became a worshipper of Ashenzari the Shackled
   266 | D:4      | Reached XP level 3. HP: 29/31 MP: 2/2
   308 | D:5      | Entered Level 5 of the Dungeon
   310 | D:5      | Reached skill level 5 in Staves
   310 | D:5      | Reached XP level 4. HP: 17/38 MP: 3/3
   421 | D:5      | RIP
   437 | D:5      | RIUP
   449 | D:5      | Noticed a sky beast
   462 | D:5      | Slain by a sky beast

Vault maps used:
D:1:      minmay_arrival_four_houses
D:3:      nicolae_dithmenos_shadow_blocks, lemuel_doored_altar
D:4:      gammafunk_temple_overflow_elements
D:5:      minmay_temple_entry_statues_fountains, first_bread, serial_shops,
          shop, kennysheep_small_square

Action                   |  1- 3 |  4- 6 || total
-------------------------+-------+-------++-------
Melee: Quarterstaff      |    21 |    25 ||    46
       Staff             |     3 |       ||     3
Evoke: Wand              |       |     1 ||     1
  Use: Scroll            |     1 |     1 ||     2
       Potion            |     1 |     1 ||     2
